AoeStats
← [GDL] Maldito Pantoja

Lombardia

508683798Analyzed
4v4 RM · 9d ago on Sep 23, 2026· 92m 59s· 8 players
Game mode
Random Map
Map size
Large (8 player)
Population
200
Speed
Normal
Resources
Standard
Victory
Conquest
Starting age
Dark Age
Ending age
Imperial Age
RankedLock teamsTeams togetherTeam positionsShared explorationLock speedFull tech treeHidden civsTurbo modeCheats
Victory
Defeat
🇲🇽 Saracens · Mexico
1216
+15
🇳🇱 Danes · Netherlands
1203
+16
🇭🇰 Portuguese · Hong Kong SAR China
1168
+17
🇭🇰 Spanish · Hong Kong SAR China
1150
+18
🇩🇪 Franks · Germany
1244
-18
🇦🇺 Varangians · Australia
1227
-18
🇺🇸 Saxons · United States
1226
-18
🇫🇷 Koreans · France
1079
-12
[GDL] Maldito Pantoja
8:12 Loom
10:53 Feudal Age
16:01 Fletching
18:05 Padded Archer Armor
24:23 Castle Age
23:00 Double-Bit Axe
23:13 Gold Mining
23:47 Horse Collar
24:26 Crossbowman
25:07 Bodkin Arrow
26:57 Leather Archer Armor
29:52 Wheelbarrow
34:06 Bow Saw
33:57 Heavy Plow
33:50 Stone Mining
34:36 Gold Shaft Mining
37:50 Forging
37:45 Scale Barding Armor
40:43 Imperial Age
38:56 Husbandry
40:58 Chain Barding Armor
41:14 Iron Casting
41:49 Conscription
47:56 Plate Barding Armor
48:31 Hand Cart
48:02 Town Watch
55:20 Blast Furnace
55:33 Town Patrol
57:35 Elite Mameluke
62:54 Caravan
67:57 Bloodlines
70:53 Two-Man Saw
70:35 Bracer
70:18 Light Cavalry
84:46 Hussar
北九州最強ACE
9:06 Loom
11:38 Feudal Age
16:16 Castle Age
15:48 Double-Bit Axe
18:32 Bow Saw
18:57 Gold Mining
24:38 Horse Collar
26:12 Padded Archer Armor
27:52 Inquisition
30:08 Town Watch
33:17 Imperial Age
33:00 Heavy Plow
36:08 Chemistry
37:57 Ballistics
38:00 Caravan
38:22 Stone Mining
40:06 Wheelbarrow
40:04 Coinage
41:41 Two-Man Saw
41:03 Redemption
41:59 Supremacy
42:25 Leather Archer Armor
42:00 Fletching
42:36 Bombard Tower
43:47 Ring Archer Armor
43:31 Fletching
44:24 Guilds
44:44 Banking
45:06 Bodkin Arrow
45:17 Scale Barding Armor
45:22 Forging
47:22 Sanctity
47:18 Block Printing
48:38 Masonry
48:24 Murder Holes
48:30 Bracer
49:51 Architecture
51:50 Hand Cart
52:10 Thumb Ring
51:26 Heavy Mounted Crossbowman
52:28 Chain Barding Armor
52:09 Scale Mail Armor
53:10 Conscription
55:05 Cavalier
55:46 Husbandry
56:05 Town Patrol
56:41 Plate Barding Armor
56:07 Scale Mail Armor
56:48 Paladin
57:39 Bloodlines
60:34 Fortified Wall
64:45 Iron Casting
68:54 Stone Shaft Mining
68:35 Sappers
70:46 Elite Skirmisher
71:24 Light Cavalry
75:19 Blast Furnace
74:35 Chain Mail Armor
77:16 Illumination
76:20 Capped Ram
Piet Hoane
9:51 Feudal Age
10:28 Double-Bit Axe
10:33 Horse Collar
12:03 Bloodlines
16:03 Scale Barding Armor
18:17 Wheelbarrow
19:54 Gold Mining
22:55 Castle Age
20:43 Loom
23:02 Castle Age
23:13 Forging
24:04 Husbandry
25:19 Chain Barding Armor
25:35 Iron Casting
25:50 Bow Saw
26:44 Hand Cart
27:44 Heavy Plow
29:40 Town Watch
31:30 Scale Mail Armor
31:35 Squires
31:21 Arson
35:04 Chain Mail Armor
39:00 Imperial Age
37:15 Gold Shaft Mining
36:42 Hamask
40:05 Conscription
40:35 Plate Mail Armor
41:05 Blast Furnace
40:15 Elite Varangian Guard
40:41 Gambesons
42:59 Elite Jomsviking
44:21 Fletching
47:20 Northmen's Fury
53:06 Hoardings
54:54 Caravan
71:28 Bodkin Arrow
72:55 Ballistics
72:47 Masonry
77:44 Bracer
81:25 Chemistry
81:53 Capped Ram
82:37 Siege Ram
NevErXsTop
7:05 Loom
9:32 Feudal Age
10:40 Double-Bit Axe
10:40 Horse Collar
21:02 Castle Age
19:29 Gold Mining
22:42 Bow Saw
29:10 Imperial Age
28:38 Wheelbarrow
29:47 Hand Cart
29:35 Heavy Plow
29:41 Capped Ram
33:12 Chemistry
32:31 Town Watch
33:04 Guilds
38:35 Scale Mail Armor
38:45 Forging
39:16 Elite Skirmisher
40:04 Fletching
40:30 Chain Mail Armor
40:50 Iron Casting
40:15 Padded Archer Armor
40:50 Iron Casting
40:15 Padded Archer Armor
40:44 Caravan
43:13 Bombard Tower
46:54 Onager
48:41 Coinage
50:22 Banking
51:52 Bodkin Arrow
51:58 Padded Archer Armor
52:28 Plate Mail Armor
54:59 Pikeman
55:00 Man-at-Arms
55:25 Gambesons
56:41 Blast Furnace
55:42 Bracer
55:57 Leather Archer Armor
56:56 Halberdier
56:57 Long Swordsman
59:26 Scale Barding Armor
59:52 Ring Archer Armor
62:08 Treadmill Crane
65:45 Chain Barding Armor
68:04 Cavalier
68:05 Light Cavalry
68:55 Bloodlines
68:45 Husbandry
68:55 Bloodlines
68:45 Husbandry
69:26 Plate Barding Armor
69:58 Fortified Wall
69:59 Masonry
70:09 Ballistics
69:45 Murder Holes
70:01 Clinker Construction
70:02 Careening
69:58 Siphons
69:44 Heated Shot
84:35 Architecture
Kryptonknight
10:50 Feudal Age
15:00 Castle Age
13:41 Double-Bit Axe
13:53 Horse Collar
16:20 Heavy Plow
17:03 Loom
21:11 Fletching
22:12 Wheelbarrow
22:46 Bow Saw
23:47 Hand Cart
26:16 Gold Mining
26:16 Stone Mining
26:39 Forging
26:30 Scale Mail Armor
27:49 Gold Shaft Mining
27:12 Bodkin Arrow
27:18 Padded Archer Armor
27:25 Elite Skirmisher
28:22 Squires
28:42 Chain Mail Armor
29:02 Iron Casting
28:53 Ballistics
28:42 Pikeman
30:25 Leather Archer Armor
31:00 Fortified Wall
33:53 Imperial Age
31:59 Thumb Ring
35:37 Two-Man Saw
35:08 Crop Rotation
35:14 Plate Mail Armor
34:14 Elite Varangian Guard
34:16 Halberdier
34:59 Bracer
35:30 Ring Archer Armor
34:47 Shield Wall
36:33 Elite Hearth Troop
37:33 Conscription
38:56 Arrowslits
39:18 Siege Engineers
39:10 Murder Holes
40:16 Chemistry
39:27 Masonry
38:49 Capped Ram
39:43 Siege Ram
57:14 Arson
57:15 Gambesons
58:02 Architecture
60:24 Caravan
Vivine61
8:19 Loom
11:29 Feudal Age
17:00 Fletching
22:08 Castle Age
22:49 Elite Skirmisher
28:13 Ballistics
28:57 Bodkin Arrow
31:35 Double-Bit Axe
42:27 Imperial Age
43:59 Conscription
47:36 Chemistry
51:33 Wheelbarrow
50:59 Horse Collar
51:35 Forging
51:31 Scale Barding Armor
53:40 Caravan
57:14 Bracer
59:37 Bow Saw
58:56 Elite War Wagon
61:54 Town Watch
62:13 Heavy Plow
64:43 Gold Mining
72:21 Siege Engineers
72:28 Fortified Wall
73:07 Capped Ram
75:02 Iron Casting
74:57 Chain Barding Armor
79:31 Thumb Ring
83:14 Scale Mail Armor
87:08 Pikeman
haki
10:04 Feudal Age
10:05 Loom
10:47 Double-Bit Axe
21:32 Fletching
26:03 Castle Age
26:09 Pikeman
27:36 Bodkin Arrow
30:16 Stone Mining
34:46 Wheelbarrow
35:44 Gold Mining
36:09 Bow Saw
38:07 Hand Cart
38:15 Forging
41:31 Scale Barding Armor
42:02 Iron Casting
41:51 Husbandry
47:09 Caravan
51:05 Imperial Age
48:25 Town Watch
50:19 Chain Barding Armor
50:47 Gold Shaft Mining
53:15 Blast Furnace
51:39 Cavalier
51:45 Light Cavalry
54:11 Plate Barding Armor
53:39 Treadmill Crane
53:55 Murder Holes
54:05 Siege Engineers
54:21 Ballistics
55:16 Paladin
57:30 Scale Mail Armor
57:43 Fortified Wall
57:43 Masonry
58:56 Conscription
57:57 Ordonnance Companies
57:58 Elite Throwing Axeman
59:15 Hoardings
59:19 Coinage
60:20 Chain Mail Armor
61:04 Architecture
60:35 Arson
60:51 Squires
60:36 Gambesons
61:48 Plate Mail Armor
61:05 Halberdier
73:37 Banking
81:09 Chemistry
ufokinw0tm8
8:00 Loom
10:08 Feudal Age
14:40 Forging
18:49 Castle Age
17:38 Double-Bit Axe
17:34 Horse Collar
21:50 Wheelbarrow
25:22 Bow Saw
28:21 Husbandry
29:15 Town Watch
29:52 Heavy Plow
30:00 Elite Skirmisher
30:35 Fletching
30:46 Padded Archer Armor
31:17 Vendel Legacy
32:08 Scale Barding Armor
32:18 Bloodlines
34:16 Iron Casting
34:02 Chain Barding Armor
35:43 Gold Mining
38:26 Imperial Age
37:49 Hand Cart
39:32 Conscription
38:39 Cavalier
42:22 Blast Furnace
42:08 Plate Barding Armor
45:12 Caravan
47:11 Gothikon
49:57 Crop Rotation
50:29 Two-Man Saw
57:37 Elite Jarl
67:17 Ballistics
67:46 Bodkin Arrow
68:07 Leather Archer Armor
68:34 Squires
67:55 Elite Varangian Guard
69:44 Scale Mail Armor
71:00 Arson
76:30 Pikeman
77:43 Capped Ram
78:47 Town Patrol
79:08 Chain Mail Armor
79:27 Ring Archer Armor
78:57 Bracer
79:59 Siege Ram
80:27 Halberdier
Connection lost

Rejoining the realm…

Still unreachable

The connection could not be restored.

Session expired

The server has moved on; the page needs a fresh start.